Map: Frozen Temple

Players

Mindele - Winner!

  • Race: Terran Terran
  • League: Silver

A.I. 1 (Hard)

  • Race: Zerg Zerg

VOD

Have the link to the VOD?

Description

Time

  • Played on: May 22, 2016, 8:12 a.m.
  • Length: 4:42
Show
View Real Time Build Order
Export as new Build Order

Mindele Terran - Winner!

Build Orders:  

Get SALT Encoding   

  12  0:01  SCV  
  13  0:13  SCV  
  14  0:18  Supply Depot  
  14  0:25  SCV  
  15  0:39  SCV  
  15  0:42  Barracks  
  16  0:51  SCV  
  16  0:55  Barracks  
  17  1:03  SCV  
  18  1:13  Barracks  
  18  1:16  SCV  
  19  1:28  SCV  
  19  1:29  Marine  
  21  1:39  Supply Depot  
  21  1:41  Orbital Command  
  21  1:47  Marine  
  21  1:49  Marine  
  23  2:00  Marine  
  24  2:06  Barracks  
  25  2:14  Marine  
  25  2:15  Marine  
  26  2:21  Supply Depot  
  26  2:22  Marine  
  27  2:30  Barracks  
  27  2:35  Marine  
  27  2:36  Marine  
  29  2:43  Barracks  
  29  2:46  Marine  
  29  2:51  Supply Depot  
  30  2:56  Marine x2  
  30  2:58  Marine  
  33  3:06  Marine  
  34  3:13  Marine  
  34  3:14  Supply Depot  
  34  3:15  Marine  
  34  3:16  Marine  
  34  3:18  Marine  
  38  3:26  Marine  
  39  3:31  Marine  
  40  3:35  Marine  
  40  3:37  Marine, Supply Depot  
  40  3:39  Marine  
  43  3:43  Marine  
  41  3:57  Marine  
  41  3:58  Marine  
  41  3:59  Marine x3  
  42  4:10  Marine  
  42  4:15  Marine x2  
  45  4:22  Marine x3  
Show
View Real Time Build Order
Export as new Build Order

A.I. 1 (Hard) Zerg 

Build Orders: Hatch First 

Get SALT Encoding   

  12  0:01  Drone  
  13  0:12  Overlord  
  13  0:17  Drone  
  14  0:30  Drone  
  14  0:32  Drone  
  14  0:34  Drone  
  17  0:55  Hatchery  
  17  0:57  Drone  
  17  1:12  Spawning Pool  
  17  1:13  Drone  
  17  1:18  Drone  
  18  1:20  Extractor  
  18  1:23  Drone  
  18  1:29  Overlord  
  18  1:38  Drone  
  19  2:00  Zergling x4  
  21  2:01  Queen  
  21  2:04  Roach Warren  
  21  2:06  Drone  
  21  2:08  Extractor  
  22  2:10  Drone  
  23  2:24  Drone  
  24  2:40  Overlord  
  26  2:44  Roach  
  26  2:45  Roach  
  26  2:46  Roach x2  
  32  2:53  Roach  
  32  2:56  Roach  
  36  3:09  Overlord  
  36  3:14  Lair  
  36  3:29  Extractor  
  36  3:31  Drone  
  37  3:34  Drone  
  37  3:38  Drone  
  37  3:41  Drone  
  39  3:44  Drone  
  40  3:49  Drone  
  40  3:52  Drone  
  40  3:59  Evolution Chamber  
  40  4:02  Drone  
  30  4:07  Roach  
  30  4:13  Evolution Chamber  
  30  4:15  Drone  
  30  4:16  Hydralisk Den  
  29  4:23  Drone  
  21  4:26  Drone  
  21  4:30  Drone  
Tags
 
Add a new tag
Caveats
  • Supply blocks, unpowered buildings, or Contaminate may cause inaccurate times.
  • Supply counts are checked every 10 seconds.